 Dungeon Crawl Stone Soup version 0.31.0-12-g77e489cdc1 (webtiles) character file.

Game seed: 4071816741354652099

37 hawla the Shield-Bearer (level 3, 0/31 HPs)
             Began as a Minotaur Fighter on Mar 5, 2024.
             Slain by a goblin
             ... wielding a +0 club
             ... led by Robin
              (2 damage)
             ... on level 1 of the Dungeon.
             The game lasted 00:02:37 (882 turns).

hawla the Shield-Bearer (Minotaur Fighter)           Turns: 882, Time: 00:02:38

Health: 0/31       AC:  9    Str: 20    XL:     3   Next: 21%
Magic:  2/2        EV:  8    Int:  5    God:
Gold:   3          SH:  4    Dex: 11    Spells: 2/2 levels left

rFire   . . .        a - +0 long sword
rCold   + . .        c - +0 buckler
rNeg    . . .        f - +0 chain mail {rC+}
rPois   .            (helmet restricted)
rElec   .            (no cloak)
rCorr   .            (no gloves)
SInv    .            (no boots)
Will    +....        (no amulet) Stlth
                     (no ring)
HPRegen 0.25/turn    (no ring)
MPRegen 0.08/turn

%: no passive effects
@: enlightened, flying
A: horns 2, retaliatory headbutt
a: no special abilities


You were on level 1 of the Dungeon.
You visited 1 branch of the dungeon, and saw 2 of its levels.

You collected 3 gold pieces.

Inventory:

Hand Weapons
 a - a +0 long sword (weapon)
Armour
 c - a +0 buckler (worn)
 f - a +0 chain mail of cold resistance (worn)
Scrolls
 g - a scroll of poison {unknown}
 h - a scroll of immolation {unknown}
Potions
 d - a potion of might
 e - a potion of attraction {unknown}
 i - a potion of curing {unknown}
 j - a potion of brilliance {unknown}


   Skills:
 - Level 3.6 Fighting
 - Level 2.4 Long Blades
 - Level 3.6 Armour
 + Level 3.2 Dodging
 - Level 3.6 Shields


You had 2 spell levels left.
You didn't know any spells.
Your spell library was empty.

Dungeon Overview and Level Annotations

Branches:
Dungeon (2/15)

Altars:

Shops:
D:1 (

Annotations:
D:2 Robin


Innate Abilities, Weirdness & Mutations

You have a pair of horns on your head.
You reflexively headbutt those who attack you in melee.


Message History

a +0 club; a +0 sling; a goblin corpse You start resting.
HP restored.
You see here a +0 dagger.
There is a stone staircase leading down here.
You climb downwards.
Level annotation: Robin The frilled lizard hisses angrily.
The goblin closely misses you.
The hobgoblin hits you but does no damage.
The goblin hits you but does no damage. The goblin closely misses you.
You block the hobgoblin's attack.
There is a stone staircase leading up here.
Robin says, "My goblins will feast on your bones."
Robin roars a battlecry!
The goblins go into a battle-frenzy!
The goblin hits you with a +0 club. The hobgoblin hits you.
The goblin hits you with a +0 dagger. x2
The goblin hits you but does no damage.
The hobgoblin hits you but does no damage.
You climb upwards.
There is a stone staircase leading down here.
You completely miss the goblin. The goblin hits you with a +0 dagger.
The hobgoblin hits you but does no damage.
The hobgoblin hits you. The goblin hits you but does no damage.
The goblin hits you with a +0 club. The goblin closely misses you.
The goblin hits you with a +0 dagger. The goblin hits you with a +0 club.
* * * LOW HITPOINT WARNING * * *
The hobgoblin hits you.
* * * LOW HITPOINT WARNING * * *
You block the hobgoblin's attack.
It was a potion of enlightenment.
You feel very buoyant.
You fly up into the air.
The goblin barely misses you. The hobgoblin hits you.
* * * LOW HITPOINT WARNING * * *
You block the goblin's attack. The hobgoblin misses you.
You furiously retaliate!
You headbutt the hobgoblin!
You kill the hobgoblin!
The goblin hits you with a +0 club.
You die...

###.# #†# #.. .##.# #.# #..
..#.# ###.####### #.. ≈.#.#
#.........# #..
≈∩#.#############.#######.#
### ≈.#...............# #.#
# ..#.############..# #.# #
.##.# #g)### ###.#######
###.### #@g..###.........#
.##...# #gg#..............
.####.# #g...###.#.#####.#
.# #.# #.#........# #.#
.####.### #..........# #.#
........# #.#.##....## #.#
.##.###.########.#.##.#.##
#.# .##.#
#............##.#.# #.#
.##.# ##########.##.....#
#.#


You could see a hobgoblin (strong) and 4 goblins.

Vanquished Creatures
  2 dart slugs (D:1)
  2 endoplasms
  4 goblins (D:1)
  2 hobgoblins (D:1)
  6 jackals (D:1)
  3 ball pythons (D:1)
  4 bats (D:1)
  A frilled lizard (D:2)
  4 kobolds (D:1)
  3 rats
31 creatures vanquished.

Notes
Turn   | Place    | Note
-------+----------+-------------------------------------------
     0 | D:1      | hawla the Minotaur Fighter began the quest for the Orb.
     0 | D:1      | Reached XP level 1. HP: 19/19 MP: 0/0
    73 | D:1      | Reached skill level 1 in Dodging
    80 | D:1      | Reached XP level 2. HP: 21/26 MP: 1/1
   180 | D:1      | Found Ziqeca's Antique Weapon Shoppe.
   698 | D:1      | Reached XP level 3. HP: 31/31 MP: 2/2
   788 | D:2      | Noticed Robin
   882 | D:1      | Slain by a goblin

Illustrated notes

Levels and vault maps discovered:
D:1:      dpeg_arrival_refuge, layout_loops_ring, serial_shops,
          nicolae_lakefront_shop
D:2:      layout_loops_ring, shapermc_ecumenical_altar_gd, st_stairs_8,
          kennysheep_generic_room_12, uniq_robin, uniq_natasha

Skill      XL: |  1  2 |
---------------+-------+-----
Dodging        | 1 3 |  3.2
Fighting       | |  3.6
Long Blades    | |  2.4
Armour         | |  3.6
Shields        | |  3.6

Action                     || total
---------------------------++-------
  Melee: Long sword        ||    70
         Headbutt          ||     3
    Use: Potion            ||     1
 Armour: Chain mail        ||    71
         Scale mail        ||     2
  Dodge: Dodged            ||    38
  Block: Buckler           ||    28
